Flyers vs Panthers
Created - March 22, 2022 at 19:29
Goals
|
| Flyers |
2 |
0 |
1 |
3 |
| Panthers |
1 |
0 |
1 |
2 |
|
Shots
|
| Flyers |
7 |
9 |
11 |
27 |
| Panthers |
10 |
16 |
8 |
34 |
|
1st period
1. Flyers , Jakub Voracek 24 (J.T. Miller 27, Jordan Nolan 31) at 0:46 (PP)
2. Panthers , Matt Duchene 26 (Alex Galchenyuk 26, Tyler Toffoli 18) at 12:14 (PP)
3. Flyers , J.T. Miller 21 (Jakub Voracek 26) at 18:27
Penalties :
Jake Gardiner (Flo) for Holding (Minor) at 0:29, Matthew Lombardi (Phi) for Hooking (Minor) at 1:36, Matt Smaby (Phi) for Holding (Minor) at 11:05
2nd period
No Goal
Penalties :
Chris Mcallister (Phi) for Interference (Minor) at 4:43, Dalton Prout (Flo) for Holding (Minor) at 7:15, Oscar Klefbom (Flo) for Tripping (Minor) at 15:46, Ryan O'Reilly (Flo) for Hooking (Minor) at 19:30, Jordan Nolan (Phi) for Holding (Minor) at 19:33
3rd period
4. Panthers , Teuvo Teravainen 15 (Ryan O'Reilly 22, Oscar Klefbom 24) at 3:02
5. Flyers , Drew Miller 11 (Jacob Trouba 10, Jeff Woywitka 19) at 10:34
Penalties :
J.T. Miller (Phi) for Interference (Minor) at 8:19, Erik Gudbranson (Flo) for Roughing (Minor) at 10:37, Jeff Woywitka (Phi) for Hooking (Minor) at 13:30
Goalie Stats
Ilya Sorokin (Phi), 32 saves from 34 shots - (0.941), W, 9-7-5, 60:00 minutes
Petr Mrazek (Flo), 24 saves from 27 shots - (0.889), L, 22-9-4, 58:48 minutes
Players Stats for Flyers
Player Name G A P +/- PIM S H SB GA TA FO MP PP MP PK MP
------------------------------------------------------------------------------------
Brian Lashoff 0 0 0 0 0 0 1 1 0 0 0/0 11:55 0:00 2:27
Brock Nelson 0 0 0 -1 0 0 1 0 1 0 0/0 8:32 0:00 1:40
Chris Mcallister 0 0 0 0 2 2 2 0 0 0 1/3 13:39 0:00 1:42
Drew Miller 1 0 1 1 0 1 0 0 0 0 0/1 13:54 2:23 0:00
J.T. Miller 1 1 2 1 2 8 1 0 1 1 6/11 23:55 3:54 4:32
Jacob Trouba 0 1 1 1 0 1 4 0 0 0 0/0 29:11 4:01 5:14
Jakub Voracek 1 1 2 1 0 3 4 0 0 0 1/3 19:00 3:54 1:52
Jeff Carter 0 0 0 1 0 0 3 0 1 0 5/11 16:50 2:23 2:54
Jeff Woywitka 0 1 1 1 2 5 1 0 0 1 0/0 27:52 4:01 3:56
Jonathan Ericsson 0 0 0 0 0 0 0 1 0 0 0/0 9:37 0:00 0:34
Jordan Nolan 0 1 1 1 2 1 1 3 0 0 17/30 23:00 3:53 5:32
Marcus Kruger 0 0 0 0 0 1 0 0 0 0 0/0 11:46 0:00 0:01
Matt Smaby 0 0 0 0 2 0 3 3 0 0 0/0 20:36 2:16 2:45
Matthew Lombardi 0 0 0 -1 2 0 0 0 0 0 2/4 5:50 0:00 0:03
Nathan Beaulieu 0 0 0 0 0 1 0 1 0 0 0/0 21:12 2:16 3:20
Niclas Bergfors 0 0 0 1 0 2 0 0 1 0 0/0 13:54 2:23 0:00
Travis Zajac 0 0 0 0 0 1 2 0 1 1 3/7 12:21 0:00 0:00
Tyler Randell 0 0 0 -1 0 1 0 0 0 0 0/0 5:46 0:00 0:00
Players Stats for Panthers
Player Name G A P +/- PIM S H SB GA TA FO MP PP MP PK MP
------------------------------------------------------------------------------------
Alex Galchenyuk 0 1 1 0 0 5 1 0 0 0 2/4 24:10 4:53 2:19
Dalton Prout 0 0 0 -1 2 1 0 3 0 0 0/0 19:57 3:08 2:19
Dany Heatley 0 0 0 0 0 2 1 0 0 0 0/0 6:31 0:00 0:07
Daultan Leveillé 0 0 0 0 0 1 0 1 0 0 1/3 7:16 0:00 0:21
Drew Stafford 0 0 0 -1 0 0 0 0 0 0 0/0 11:44 0:26 3:51
Erik Gudbranson 0 0 0 0 2 1 2 0 0 1 0/0 29:37 6:00 3:12
Jake Gardiner 0 0 0 -1 2 1 0 1 0 2 0/0 24:35 3:08 3:49
Jonathan Drouin 0 0 0 -1 0 4 4 0 2 0 0/1 9:11 0:45 0:00
Jonathan Sigalet 0 0 0 0 0 0 0 2 0 0 0/0 7:15 0:00 0:25
Josh Gorges 0 0 0 0 0 1 0 0 0 1 0/0 14:13 0:00 2:11
Matt Duchene 1 0 1 0 0 6 1 0 0 0 16/30 22:08 4:50 1:07
Max Reinhart 0 0 0 -1 0 1 1 0 0 0 7/15 12:59 0:00 3:50
Nail Yakupov 0 0 0 -1 0 1 2 1 0 0 0/1 8:26 0:00 0:00
Oscar Klefbom 0 1 1 0 2 3 1 0 0 0 0/0 25:37 6:00 0:38
Ryan O'Reilly 0 1 1 0 2 2 4 0 0 1 8/14 17:07 4:10 0:59
Teuvo Teravainen 1 0 1 1 0 3 3 0 0 0 0/1 14:42 3:15 0:00
Tobias Rieder 0 0 0 0 0 1 1 0 0 0 1/1 16:12 4:13 0:00
Tyler Toffoli 0 1 1 0 0 1 0 1 1 0 0/0 20:02 4:52 0:00
3 Stars
1 - Jakub Voracek (Phi)
2 - J.T. Miller (Phi)
3 - Teuvo Teravainen (Flo)
Power Play
Flyers - 1 on 5 Attempt(s) - 20.00%
Panthers - 1 on 6 Attempt(s) - 16.67%
Penalty Kill
Flyers - 5 on 6 Attempt(s) - 83.33%
- Score 0 goal in Penalty Kill
Panthers - 4 on 5 Attempt(s) - 80.00%
- Score 0 goal in Penalty Kill
Team Stat
Flyers - Hits : 23 - Faceoff Wins : 35 - Blocked Shots : 9 - Penalty Minutes : 12
Panthers - Hits : 21 - Faceoff Wins : 35 - Blocked Shots : 9 - Penalty Minutes : 10
Official
Referees : Dean Morton and Kevin Pollock
Linesman : Andrew Smith and Tyson Baker
Game Notes
Jonathan Sigalet is injured at 15:00 of 2nd period (Torn Right Knee Ligaments)
Teuvo Teravainen is injured at 10:01 of 3rd period (Right Foot)
Finance
Level 1 -- Attendance: 6000 (100.00%) -- Ticket Income $600,000
Level 2 -- Attendance: 4757 (95.14%) -- Ticket Income $285,420
Level 3 -- Attendance: 2000 (100.00%) -- Ticket Income $70,000
Level 4 -- Attendance: 4000 (100.00%) -- Ticket Income $100,000
Luxury Box -- Attendance: 1000 (100.00%) -- Ticket Income $200,000
Game was played at the BBT Center.
Total Attendance: 17757 (98.65%)
Total Ticket Income: $1,255,420
Other Income: $188,313
Total Income: $1,443,733
Flyers
5 vs 5 Forward
Center Left Wing Right Wing Time % Phy DF OF
1 Jordan Nolan J.T. Miller Jakub Voracek 40 1 2 2
2 Jeff Carter Drew Miller Niclas Bergfors 30 1 2 2
3 Travis Zajac Chris Mcallister Marcus Kruger 20 1 2 2
4 Matthew Lombardi Brock Nelson Tyler Randell 10 1 2 2
5 vs 5 Defense
Defense Defense Time % Phy DF OF
1 Jacob Trouba Jeff Woywitka 40 1 2 2
2 Matt Smaby Nathan Beaulieu 30 1 2 2
3 Jonathan Ericsson Brian Lashoff 20 1 2 2
4 Jacob Trouba Jeff Woywitka 10 1 2 2
PowerPlay Forward
Center Left Wing Right Wing Time % Phy DF OF
1 Jordan Nolan J.T. Miller Jakub Voracek 60 1 2 2
2 Jeff Carter Drew Miller Niclas Bergfors 40 1 2 2
PowerPlay Defense
Defense Defense Time % Phy DF OF
1 Jacob Trouba Jeff Woywitka 60 1 2 2
2 Matt Smaby Nathan Beaulieu 40 1 2 2
Penalty Kill 4 Players Forward
Center Wing Time % Phy DF OF
1 J.T. Miller Jordan Nolan 60 1 2 2
2 Jeff Carter Jakub Voracek 40 1 2 2
Penalty Kill 4 Players Defense
Defense Defense Time % Phy DF OF
1 Jacob Trouba Jeff Woywitka 60 1 2 2
2 Matt Smaby Nathan Beaulieu 40 1 2 2
Penalty Kill - 3 Players Forward
Forward Time % Phy DF OF
1 J.T. Miller 60 1 2 2
2 Jordan Nolan 40 1 2 2
Penalty Kill - 3 Players Defense
Defense Defense Time % Phy DF OF
1 Jacob Trouba Jeff Woywitka 60 1 2 2
2 Matt Smaby Nathan Beaulieu 40 1 2 2
4 vs 4 Forward
Center Wing Time % Phy DF OF
1 J.T. Miller Jordan Nolan 60 1 2 2
2 Jeff Carter Jakub Voracek 40 1 2 2
4 vs 4 Defense
Defense Defense Time % Phy DF OF
1 Jacob Trouba Jeff Woywitka 60 1 2 2
2 Matt Smaby Nathan Beaulieu 40 1 2 2
Last Minutes Offensive
Center Left Wing Right Wing Defense Defense
Jordan Nolan J.T. Miller Jakub Voracek Jacob Trouba Jeff Woywitka
Last Minutes Defensive
Center Left Wing Right Wing Defense Defense
Jordan Nolan J.T. Miller Jakub Voracek Jacob Trouba Jeff Woywitka
Goaltenders
Starting : Ilya Sorokin
Backup : Steve Mason
Extra Forwards
Normal : Travis Zajac, Marcus Kruger, Chris Mcallister - PP : Travis Zajac, Marcus Kruger - PK : Chris Mcallister
Extra Defensemen
Normal : Jonathan Ericsson, Brian Lashoff, Matt Smaby - PP : Jonathan Ericsson - PK : Brian Lashoff, Matt Smaby
Penalty Shots
J.T. Miller, Jordan Nolan, Jeff Carter, Jakub Voracek, Drew Miller
Scratches
Dylan Olsen (Healthy), Tomas Kubalik (Healthy)
Panthers
5 vs 5 Forward
Center Left Wing Right Wing Time % Phy DF OF
1 Matt Duchene Alex Galchenyuk Tyler Toffoli 40 0 2 3
2 Ryan O'Reilly Tobias Rieder Teuvo Teravainen 30 0 2 3
3 Max Reinhart Jonathan Drouin Nail Yakupov 20 0 2 3
4 Daultan Leveillé Dany Heatley Drew Stafford 10 1 2 2
5 vs 5 Defense
Defense Defense Time % Phy DF OF
1 Erik Gudbranson Oscar Klefbom 40 0 2 3
2 Jake Gardiner Dalton Prout 30 0 2 3
3 Jonathan Sigalet Josh Gorges 20 1 2 2
4 Erik Gudbranson Jake Gardiner 10 1 2 2
PowerPlay Forward
Center Left Wing Right Wing Time % Phy DF OF
1 Matt Duchene Alex Galchenyuk Tyler Toffoli 60 0 1 4
2 Ryan O'Reilly Tobias Rieder Teuvo Teravainen 40 0 1 4
PowerPlay Defense
Defense Defense Time % Phy DF OF
1 Erik Gudbranson Oscar Klefbom 60 0 2 3
2 Jake Gardiner Dalton Prout 40 0 2 3
Penalty Kill 4 Players Forward
Center Wing Time % Phy DF OF
1 Max Reinhart Drew Stafford 60 0 4 1
2 Ryan O'Reilly Alex Galchenyuk 40 0 4 1
Penalty Kill 4 Players Defense
Defense Defense Time % Phy DF OF
1 Erik Gudbranson Jake Gardiner 60 1 4 0
2 Dalton Prout Josh Gorges 40 1 4 0
Penalty Kill - 3 Players Forward
Forward Time % Phy DF OF
1 Max Reinhart 60 0 4 1
2 Drew Stafford 40 0 4 1
Penalty Kill - 3 Players Defense
Defense Defense Time % Phy DF OF
1 Erik Gudbranson Jake Gardiner 60 1 4 0
2 Dalton Prout Josh Gorges 40 1 4 0
4 vs 4 Forward
Center Wing Time % Phy DF OF
1 Matt Duchene Alex Galchenyuk 60 1 2 2
2 Ryan O'Reilly Tyler Toffoli 40 1 2 2
4 vs 4 Defense
Defense Defense Time % Phy DF OF
1 Erik Gudbranson Oscar Klefbom 60 1 2 2
2 Jake Gardiner Dalton Prout 40 1 2 2
Last Minutes Offensive
Center Left Wing Right Wing Defense Defense
Matt Duchene Alex Galchenyuk Tyler Toffoli Erik Gudbranson Jake Gardiner
Last Minutes Defensive
Center Left Wing Right Wing Defense Defense
Max Reinhart Alex Galchenyuk Drew Stafford Erik Gudbranson Jake Gardiner
Goaltenders
Starting : Petr Mrazek
Backup : Tyler Weiman
Extra Forwards
Normal : Teuvo Teravainen, Alex Galchenyuk, Tyler Toffoli - PP : Jonathan Drouin, Alex Galchenyuk - PK : Matt Duchene
Extra Defensemen
Normal : Jake Gardiner, Erik Gudbranson, Oscar Klefbom - PP : Jonathan Sigalet - PK : Dalton Prout, Erik Gudbranson
Penalty Shots
Alex Galchenyuk, Teuvo Teravainen, Ryan O'Reilly, Matt Duchene, Tyler Toffoli
Scratches
None
% Time on Ice - Flyers
Lines # - Real PCT - Wanted PCT - Time Play
Normal Forward
1 - 32% - 40% - 13:12
2 - 28% - 30% - 11:33
3 - 27% - 20% - 11:11
4 - 14% - 10% - 5:46
Normal Defense
1 - 38% - 40% - 15:53
2 - 37% - 30% - 15:17
3 - 22% - 20% - 9:03
4 - 4% - 10% - 1:29
PP Forward
1 - 62% - 60% - 3:54
2 - 38% - 40% - 2:23
PP Defense
1 - 64% - 60% - 4:01
2 - 36% - 40% - 2:16
PK Forward
1 - 80% - 60% - 7:16
2 - 20% - 40% - 1:52
PK Defense
1 - 64% - 60% - 5:48
2 - 36% - 40% - 3:20
PK3 Forward
1 - 0% - 60%
2 - 0% - 40%
PK3 Defense
1 - 0% - 60%
2 - 0% - 40%
44 Forward
1 - 100% - 60% - 1:56
2 - 0% - 40% - 0:00
44 Defense
1 - 84% - 60% - 1:37
2 - 16% - 40% - 0:19
Last Minute Offensive - 0:00
Last Minute Defensive - 0:57
Total
Forward - 60:00
Defense - 60:00
|
% Time on Ice - Panthers
Lines # - Real PCT - Wanted PCT - Time Play
Normal Forward
1 - 35% - 40% - 14:41
2 - 30% - 30% - 12:24
3 - 20% - 20% - 8:26
4 - 14% - 10% - 5:55
Normal Defense
1 - 39% - 40% - 16:02
2 - 32% - 30% - 13:26
3 - 28% - 20% - 11:34
4 - 1% - 10% - 0:24
PP Forward
1 - 53% - 60% - 4:50
2 - 47% - 40% - 4:18
PP Defense
1 - 66% - 60% - 6:00
2 - 34% - 40% - 3:08
PK Forward
1 - 84% - 60% - 5:18
2 - 16% - 40% - 0:59
PK Defense
1 - 75% - 60% - 4:44
2 - 25% - 40% - 1:33
PK3 Forward
1 - 0% - 60%
2 - 0% - 40%
PK3 Defense
1 - 0% - 60%
2 - 0% - 40%
44 Forward
1 - 82% - 60% - 1:35
2 - 18% - 40% - 0:21
44 Defense
1 - 63% - 60% - 1:13
2 - 37% - 40% - 0:43
Last Minute Offensive - 1:13
Last Minute Defensive - 0:00
Total
Forward - 60:00
Defense - 60:00
|
Play-by-Play
1st period
0:01 of 1st period - Matt Duchene wins face-off versus Jakub Voracek in neutral zone.
0:06 of 1st period - Snap shot by Jakub Voracek.
0:06 of 1st period - Stopped by Petr Mrazek with a rebound.
0:12 of 1st period - Snap shot by J.T. Miller.
0:12 of 1st period - Deflect By Jakub Voracek.
0:12 of 1st period - Shot Misses the Net.
0:12 of 1st period - Puck is out of play.
0:13 of 1st period - Jeff Carter wins face-off versus Ryan O'Reilly in Panthers zone.
0:18 of 1st period - Snap shot by Niclas Bergfors.
0:18 of 1st period - Stopped by Petr Mrazek with a rebound.
0:29 of 1st period - Minor Penalty to Jake Gardiner for Holding.
0:30 of 1st period - Jakub Voracek wins face-off versus Max Reinhart in Panthers zone.
0:30 of 1st period - Wrist shot by J.T. Miller.
0:30 of 1st period - Shot Misses the Net.
0:46 of 1st period - Slapshot by Jakub Voracek.
0:46 of 1st period - Goal by Jakub Voracek - Flyers : 1 - Panthers : 0.
0:47 of 1st period - Travis Zajac wins face-off versus Jonathan Drouin in neutral zone.
0:52 of 1st period - Nail Yakupov is hit by Travis Zajac and loses puck.
1:01 of 1st period - Snap shot by Marcus Kruger.
1:01 of 1st period - Stopped by Petr Mrazek without a rebound.
1:02 of 1st period - Matt Duchene wins face-off versus Jordan Nolan in Panthers zone.
1:07 of 1st period - Jacob Trouba is hit by Erik Gudbranson.
1:11 of 1st period - Slapshot by Jordan Nolan.
1:11 of 1st period - Shot Misses the Net.
1:13 of 1st period - Slapshot by Jeff Woywitka.
1:13 of 1st period - Stopped by Petr Mrazek without a rebound.
1:14 of 1st period - Daultan Leveillé wins face-off versus Matthew Lombardi in Panthers zone.
1:14 of 1st period - Daultan Leveillé is hit by Jeff Woywitka.
1:24 of 1st period - Snap shot by Drew Stafford.
1:24 of 1st period - Shot Misses the Net.
1:36 of 1st period - Minor Penalty to Matthew Lombardi for Hooking.
1:37 of 1st period - J.T. Miller wins face-off versus Matt Duchene in Flyers zone.
2:08 of 1st period - Jakub Voracek is hit by Ryan O'Reilly and loses puck.
3:36 of 1st period - Penalty to Matthew Lombardi is over, Matthew Lombardi is back on ice.
3:46 of 1st period - Icing by Erik Gudbranson.
3:47 of 1st period - Max Reinhart wins face-off versus Travis Zajac in Panthers zone.
4:09 of 1st period - Snap shot by Jonathan Drouin.
4:09 of 1st period - Stopped by Ilya Sorokin without a rebound.
4:10 of 1st period - Jordan Nolan wins face-off versus Matt Duchene in Flyers zone.
4:37 of 1st period - Dalton Prout is hit by Jeff Carter.
4:47 of 1st period - Slapshot by Teuvo Teravainen.
4:47 of 1st period - Stopped by Ilya Sorokin with a rebound.
4:49 of 1st period - Snap shot by Tobias Rieder.
4:49 of 1st period - Stopped by Ilya Sorokin with a rebound.
5:29 of 1st period - Wrist shot by Jordan Nolan.
5:29 of 1st period - Shot Blocked by Tyler Toffoli.
6:07 of 1st period - Snap shot by Drew Miller.
6:07 of 1st period - Shot Blocked by Dalton Prout.
6:20 of 1st period - Icing by Jake Gardiner.
6:21 of 1st period - Matthew Lombardi wins face-off versus Daultan Leveillé in Panthers zone.
7:34 of 1st period - Snap shot by Jeff Carter.
7:34 of 1st period - Shot Misses the Net.
8:12 of 1st period - Matt Duchene is hit by Travis Zajac and loses puck.
8:31 of 1st period - Jonathan Ericsson is hit by Teuvo Teravainen and loses puck.
8:48 of 1st period - Matt Duchene is hit by Jakub Voracek and loses puck.
9:15 of 1st period - Snap shot by Jonathan Drouin.
9:15 of 1st period - Stopped by Ilya Sorokin without a rebound.
9:16 of 1st period - Ryan O'Reilly wins face-off versus Jeff Carter in Flyers zone.
9:19 of 1st period - Snap shot by Ryan O'Reilly.
9:19 of 1st period - Stopped by Ilya Sorokin without a rebound.
9:20 of 1st period - Jeff Carter wins face-off versus Ryan O'Reilly in Flyers zone.
9:37 of 1st period - Snap shot by Teuvo Teravainen.
9:37 of 1st period - Shot Misses the Net.
9:53 of 1st period - Snap shot by Jakub Voracek.
9:53 of 1st period - Stopped by Petr Mrazek with a rebound.
10:55 of 1st period - Wrist shot by Drew Stafford.
10:55 of 1st period - Shot Misses the Net.
11:05 of 1st period - Minor Penalty to Matt Smaby for Holding.
11:06 of 1st period - Matt Duchene wins face-off versus J.T. Miller in Flyers zone.
11:09 of 1st period - Slapshot by Matt Duchene.
11:09 of 1st period - Stopped by Ilya Sorokin with a rebound.
11:11 of 1st period - Slapshot by Oscar Klefbom.
11:11 of 1st period - Shot Blocked by Jordan Nolan.
11:13 of 1st period - Snap shot by Alex Galchenyuk.
11:13 of 1st period - Stopped by Ilya Sorokin without a rebound.
11:14 of 1st period - J.T. Miller wins face-off versus Matt Duchene in Flyers zone.
12:14 of 1st period - Snap shot by Matt Duchene.
12:14 of 1st period - Goal by Matt Duchene - Flyers : 1 - Panthers : 1.
12:15 of 1st period - Ryan O'Reilly wins face-off versus Jeff Carter in neutral zone.
12:41 of 1st period - Chris Mcallister is hit by Max Reinhart and loses puck.
13:08 of 1st period - Snap shot by Oscar Klefbom.
13:08 of 1st period - Stopped by Ilya Sorokin without a rebound.
13:09 of 1st period - Alex Galchenyuk wins face-off versus Matthew Lombardi in Flyers zone.
13:20 of 1st period - Snap shot by Tyler Toffoli.
13:20 of 1st period - Deflect By Alex Galchenyuk.
13:20 of 1st period - Shot Misses the Net.
13:20 of 1st period - Puck is out of play.
13:21 of 1st period - Jordan Nolan wins face-off versus Alex Galchenyuk in Flyers zone.
13:48 of 1st period - Oscar Klefbom is hit by Jeff Carter and loses puck.
14:15 of 1st period - Max Reinhart is hit by Jacob Trouba.
14:59 of 1st period - Off-side.
15:00 of 1st period - Matt Duchene wins face-off versus Jordan Nolan in neutral zone.
15:03 of 1st period - Slapshot by Alex Galchenyuk.
15:03 of 1st period - Shot Blocked by Jordan Nolan.
16:19 of 1st period - Icing by Josh Gorges.
16:20 of 1st period - Jordan Nolan wins face-off versus Daultan Leveillé in Panthers zone.
16:21 of 1st period - Snap shot by Jakub Voracek.
16:21 of 1st period - Shot Blocked by Jonathan Sigalet.
16:51 of 1st period - Snap shot by Marcus Kruger.
16:51 of 1st period - Shot Misses the Net.
17:07 of 1st period - Drew Stafford is hit by Chris Mcallister and loses puck.
17:15 of 1st period - Off-side.
17:16 of 1st period - Jordan Nolan wins face-off versus Matt Duchene in neutral zone.
17:50 of 1st period - Slapshot by Jacob Trouba.
17:50 of 1st period - Shot Misses the Net.
18:06 of 1st period - Snap shot by Max Reinhart.
18:06 of 1st period - Stopped by Ilya Sorokin without a rebound.
18:07 of 1st period - Jordan Nolan wins face-off versus Max Reinhart in Flyers zone.
18:07 of 1st period - Jordan Nolan is hit by Jonathan Drouin.
18:15 of 1st period - Icing by Max Reinhart.
18:16 of 1st period - Max Reinhart wins face-off versus Jakub Voracek in Panthers zone.
18:25 of 1st period - Snap shot by Jakub Voracek.
18:25 of 1st period - Shot Blocked by Nail Yakupov.
18:27 of 1st period - Snap shot by J.T. Miller.
18:27 of 1st period - Goal by J.T. Miller - Flyers : 2 - Panthers : 1.
18:28 of 1st period - Matt Duchene wins face-off versus Jordan Nolan in neutral zone.
18:41 of 1st period - Snap shot by Alex Galchenyuk.
18:41 of 1st period - Shot Misses the Net.
18:43 of 1st period - Wrist shot by Matt Duchene.
18:43 of 1st period - Shot Misses the Net.
18:45 of 1st period - Wrist shot by Alex Galchenyuk.
18:45 of 1st period - Shot Misses the Net.
18:55 of 1st period - Jacob Trouba is hit by Nail Yakupov and loses puck.
19:06 of 1st period - Snap shot by J.T. Miller.
19:06 of 1st period - Shot Misses the Net.
19:44 of 1st period - Snap shot by Brock Nelson.
19:44 of 1st period - Shot Misses the Net.
Goals for this period are 2 for Flyers vs 1 for Panthers.
Shots for this period are 7 for Flyers vs 10 for Panthers.
2nd period
0:01 of 2nd period - Jordan Nolan wins face-off versus Matt Duchene in neutral zone.
0:04 of 2nd period - Slapshot by J.T. Miller.
0:04 of 2nd period - Stopped by Petr Mrazek with a rebound.
0:14 of 2nd period - Wrist shot by Alex Galchenyuk.
0:14 of 2nd period - Stopped by Ilya Sorokin without a rebound.
0:15 of 2nd period - Jeff Carter wins face-off versus Matt Duchene in Flyers zone.
0:40 of 2nd period - Niclas Bergfors is hit by Jonathan Drouin and loses puck.
1:07 of 2nd period - J.T. Miller is hit by Ryan O'Reilly and loses puck.
1:26 of 2nd period - Drew Stafford is hit by Matt Smaby and loses puck.
1:33 of 2nd period - Slapshot by Daultan Leveillé.
1:33 of 2nd period - Shot Blocked by Matt Smaby.
2:14 of 2nd period - Snap shot by Jordan Nolan.
2:14 of 2nd period - Deflect By Ryan O'Reilly.
2:14 of 2nd period - Shot Misses the Net.
2:14 of 2nd period - Puck is out of play.
2:15 of 2nd period - Ryan O'Reilly wins face-off versus J.T. Miller in Panthers zone.
2:42 of 2nd period - Teuvo Teravainen is hit by Brian Lashoff and loses puck.
2:59 of 2nd period - Slapshot by Jacob Trouba.
2:59 of 2nd period - Stopped by Petr Mrazek with a rebound.
3:01 of 2nd period - Snap shot by J.T. Miller.
3:01 of 2nd period - Stopped by Petr Mrazek without a rebound.
3:02 of 2nd period - Jeff Carter wins face-off versus Matt Duchene in Panthers zone.
3:32 of 2nd period - Snap shot by Jonathan Drouin.
3:32 of 2nd period - Stopped by Ilya Sorokin without a rebound.
3:33 of 2nd period - Travis Zajac wins face-off versus Nail Yakupov in Flyers zone.
3:33 of 2nd period - Travis Zajac is hit by Jonathan Drouin.
3:36 of 2nd period - Icing by Marcus Kruger.
3:37 of 2nd period - Matt Duchene wins face-off versus Travis Zajac in Flyers zone.
3:58 of 2nd period - Wrist shot by Travis Zajac.
3:58 of 2nd period - Shot Misses the Net.
4:10 of 2nd period - Snap shot by Chris Mcallister.
4:10 of 2nd period - Stopped by Petr Mrazek with a rebound.
4:38 of 2nd period - Wrist shot by Matt Duchene.
4:38 of 2nd period - Shot Misses the Net.
4:43 of 2nd period - Minor Penalty to Chris Mcallister for Interference.
4:44 of 2nd period - J.T. Miller wins face-off versus Ryan O'Reilly in Flyers zone.
5:00 of 2nd period - Wrist shot by Ryan O'Reilly.
5:00 of 2nd period - Stopped by Ilya Sorokin without a rebound.
5:01 of 2nd period - Ryan O'Reilly wins face-off versus J.T. Miller in Flyers zone.
5:31 of 2nd period - Matt Duchene is hit by Jacob Trouba and loses puck.
5:38 of 2nd period - Alex Galchenyuk is hit by Jacob Trouba and loses puck.
6:29 of 2nd period - Icing by Teuvo Teravainen.
6:30 of 2nd period - Ryan O'Reilly wins face-off versus J.T. Miller in Panthers zone.
6:43 of 2nd period - Penalty to Chris Mcallister is over, Chris Mcallister is back on ice.
6:47 of 2nd period - Slapshot by Erik Gudbranson.
6:47 of 2nd period - Shot Misses the Net.
6:49 of 2nd period - Snap shot by Ryan O'Reilly.
6:49 of 2nd period - Shot Misses the Net.
6:51 of 2nd period - Snap shot by Oscar Klefbom.
6:51 of 2nd period - Stopped by Ilya Sorokin without a rebound.
6:52 of 2nd period - Matt Duchene wins face-off versus Jeff Carter in Flyers zone.
7:15 of 2nd period - Minor Penalty to Dalton Prout for Holding.
7:16 of 2nd period - Max Reinhart wins face-off versus Jordan Nolan in Panthers zone.
7:29 of 2nd period - Wrist shot by J.T. Miller.
7:29 of 2nd period - Stopped by Petr Mrazek without a rebound.
7:30 of 2nd period - Jordan Nolan wins face-off versus Max Reinhart in Panthers zone.
9:13 of 2nd period - Erik Gudbranson is hit by Jakub Voracek and loses puck.
9:15 of 2nd period - Penalty to Dalton Prout is over, Dalton Prout is back on ice.
9:28 of 2nd period - Wrist shot by Teuvo Teravainen.
9:28 of 2nd period - Stopped by Ilya Sorokin with a rebound.
9:36 of 2nd period - Snap shot by Teuvo Teravainen.
9:36 of 2nd period - Shot Blocked by Matt Smaby.
9:38 of 2nd period - Slapshot by Josh Gorges.
9:38 of 2nd period - Stopped by Ilya Sorokin with a rebound.
9:48 of 2nd period - Matt Smaby is hit by Nail Yakupov and loses puck.
9:59 of 2nd period - Wrist shot by Tyler Randell.
9:59 of 2nd period - Stopped by Petr Mrazek with a rebound.
10:06 of 2nd period - Icing by Dalton Prout.
10:07 of 2nd period - Matt Duchene wins face-off versus Jeff Carter in Panthers zone.
10:14 of 2nd period - Wrist shot by Matt Duchene.
10:14 of 2nd period - Shot Misses the Net.
10:16 of 2nd period - Snap shot by Alex Galchenyuk.
10:16 of 2nd period - Shot Blocked by Jonathan Ericsson.
10:18 of 2nd period - Wrist shot by Tyler Toffoli.
10:18 of 2nd period - Deflect By Matt Duchene.
10:18 of 2nd period - Shot Hit the Post.
10:18 of 2nd period - Puck is out of play.
10:19 of 2nd period - Jordan Nolan wins face-off versus Ryan O'Reilly in Flyers zone.
10:24 of 2nd period - Tobias Rieder is hit by J.T. Miller and loses puck.
10:35 of 2nd period - Slapshot by J.T. Miller.
10:35 of 2nd period - Stopped by Petr Mrazek with a rebound.
11:15 of 2nd period - Snap shot by Alex Galchenyuk.
11:15 of 2nd period - Shot Misses the Net.
11:17 of 2nd period - Snap shot by Matt Duchene.
11:17 of 2nd period - Stopped by Ilya Sorokin without a rebound.
11:18 of 2nd period - Jordan Nolan wins face-off versus Ryan O'Reilly in Flyers zone.
11:18 of 2nd period - Jordan Nolan is hit by Erik Gudbranson.
11:47 of 2nd period - Wrist shot by Jeff Carter.
11:47 of 2nd period - Shot Misses the Net.
12:18 of 2nd period - Wrist shot by Jonathan Drouin.
12:18 of 2nd period - Stopped by Ilya Sorokin without a rebound.
12:19 of 2nd period - Matt Duchene wins face-off versus Jordan Nolan in Flyers zone.
12:20 of 2nd period - Wrist shot by Alex Galchenyuk.
12:20 of 2nd period - Stopped by Ilya Sorokin with a rebound.
12:34 of 2nd period - Snap shot by J.T. Miller.
12:34 of 2nd period - Stopped by Petr Mrazek with a rebound.
12:54 of 2nd period - Icing by Erik Gudbranson.
12:55 of 2nd period - Ryan O'Reilly wins face-off versus Jeff Carter in Panthers zone.
12:55 of 2nd period - Ryan O'Reilly is hit by Jeff Carter.
13:01 of 2nd period - Slapshot by Oscar Klefbom.
13:01 of 2nd period - Stopped by Ilya Sorokin without a rebound.
13:02 of 2nd period - Matt Duchene wins face-off versus Drew Miller in Flyers zone.
13:17 of 2nd period - Snap shot by Alex Galchenyuk.
13:17 of 2nd period - Stopped by Ilya Sorokin without a rebound.
13:18 of 2nd period - Jordan Nolan wins face-off versus Teuvo Teravainen in Flyers zone.
13:23 of 2nd period - Teuvo Teravainen is hit by Jordan Nolan and loses puck.
14:40 of 2nd period - Icing by Nathan Beaulieu.
14:41 of 2nd period - Ryan O'Reilly wins face-off versus Travis Zajac in Flyers zone.
14:44 of 2nd period - Snap shot by Teuvo Teravainen.
14:44 of 2nd period - Shot Misses the Net.
14:54 of 2nd period - Snap shot by Chris Mcallister.
14:54 of 2nd period - Shot Misses the Net.
15:00 of 2nd period - Slapshot by Chris Mcallister.
15:00 of 2nd period - Shot Blocked by Jonathan Sigalet.
15:00 of 2nd period - Jonathan Sigalet from Panthers is injured at 15:00 of 2nd period (Torn Right Knee Ligaments).
15:01 of 2nd period - Alex Galchenyuk wins face-off versus Jordan Nolan in Panthers zone.
15:16 of 2nd period - Wrist shot by Matt Duchene.
15:16 of 2nd period - Stopped by Ilya Sorokin with a rebound.
15:28 of 2nd period - Jacob Trouba is hit by Tobias Rieder.
15:46 of 2nd period - Minor Penalty to Oscar Klefbom for Tripping.
15:47 of 2nd period - Jordan Nolan wins face-off versus Max Reinhart in Panthers zone.
15:50 of 2nd period - Slapshot by Jordan Nolan.
15:50 of 2nd period - Stopped by Petr Mrazek without a rebound.
15:51 of 2nd period - Max Reinhart wins face-off versus Jordan Nolan in Panthers zone.
15:56 of 2nd period - Slapshot by Jake Gardiner.
15:56 of 2nd period - Shot Misses the Net.
17:46 of 2nd period - Penalty to Oscar Klefbom is over, Oscar Klefbom is back on ice.
17:47 of 2nd period - J.T. Miller is hit by Dany Heatley and loses puck.
18:14 of 2nd period - Snap shot by Dany Heatley.
18:14 of 2nd period - Deflect By Travis Zajac.
18:14 of 2nd period - Stopped by Ilya Sorokin without a rebound.
18:15 of 2nd period - Matthew Lombardi wins face-off versus Ryan O'Reilly in Flyers zone.
18:15 of 2nd period - Matthew Lombardi is hit by Oscar Klefbom.
18:22 of 2nd period - Nathan Beaulieu is hit by Teuvo Teravainen and loses puck.
18:47 of 2nd period - Icing by Josh Gorges.
18:48 of 2nd period - Matt Duchene wins face-off versus Jeff Carter in Panthers zone.
19:25 of 2nd period - Wrist shot by Tyler Toffoli.
19:25 of 2nd period - Stopped by Ilya Sorokin with a rebound.
19:27 of 2nd period - Wrist shot by Alex Galchenyuk.
19:27 of 2nd period - Deflect By Matt Duchene.
19:27 of 2nd period - Stopped by Ilya Sorokin with a rebound.
19:29 of 2nd period - Snap shot by Josh Gorges.
19:29 of 2nd period - Deflect By Alex Galchenyuk.
19:29 of 2nd period - Stopped by Ilya Sorokin without a rebound.
19:30 of 2nd period - Tobias Rieder wins face-off versus Jordan Nolan in Flyers zone.
19:30 of 2nd period - Minor Penalty to Ryan O'Reilly for Hooking.
19:31 of 2nd period - Jordan Nolan wins face-off versus Max Reinhart in Panthers zone.
19:33 of 2nd period - Minor Penalty to Jordan Nolan for Holding.
19:34 of 2nd period - Matt Duchene wins face-off versus J.T. Miller in Flyers zone.
Goals for this period are 0 for Flyers vs 0 for Panthers.
Shots for this period are 9 for Flyers vs 16 for Panthers.
3rd period
0:01 of 3rd period - J.T. Miller wins face-off versus Matt Duchene in neutral zone.
0:47 of 3rd period - Snap shot by Teuvo Teravainen.
0:47 of 3rd period - Deflect By Tyler Toffoli.
0:47 of 3rd period - Shot Misses the Net.
0:47 of 3rd period - Puck is out of play.
0:48 of 3rd period - Chris Mcallister wins face-off versus Matt Duchene in Flyers zone.
1:02 of 3rd period - Icing by Alex Galchenyuk.
1:03 of 3rd period - J.T. Miller wins face-off versus Matt Duchene in Panthers zone.
1:26 of 3rd period - Tyler Toffoli is hit by Jacob Trouba and loses puck.
1:30 of 3rd period - Penalty to Ryan O'Reilly is over, Ryan O'Reilly is back on ice.
1:33 of 3rd period - Penalty to Jordan Nolan is over, Jordan Nolan is back on ice.
2:54 of 3rd period - Snap shot by Brock Nelson.
2:54 of 3rd period - Shot Misses the Net.
3:02 of 3rd period - Slapshot by Teuvo Teravainen.
3:02 of 3rd period - Goal by Teuvo Teravainen - Flyers : 2 - Panthers : 2.
3:03 of 3rd period - Jordan Nolan wins face-off versus Matt Duchene in neutral zone.
4:21 of 3rd period - Snap shot by Dany Heatley.
4:21 of 3rd period - Shot Misses the Net.
4:23 of 3rd period - Slapshot by Dany Heatley.
4:23 of 3rd period - Stopped by Ilya Sorokin with a rebound.
4:25 of 3rd period - Snap shot by Daultan Leveillé.
4:25 of 3rd period - Stopped by Ilya Sorokin with a rebound.
4:27 of 3rd period - Snap shot by Dalton Prout.
4:27 of 3rd period - Stopped by Ilya Sorokin with a rebound.
4:48 of 3rd period - Wrist shot by J.T. Miller.
4:48 of 3rd period - Stopped by Petr Mrazek with a rebound.
5:22 of 3rd period - Erik Gudbranson is hit by Jakub Voracek.
5:52 of 3rd period - Icing by Jacob Trouba.
5:53 of 3rd period - Jeff Carter wins face-off versus Matt Duchene in Flyers zone.
6:30 of 3rd period - Snap shot by J.T. Miller.
6:30 of 3rd period - Stopped by Petr Mrazek without a rebound.
6:31 of 3rd period - Ryan O'Reilly wins face-off versus Jordan Nolan in Panthers zone.
6:44 of 3rd period - Slapshot by Jake Gardiner.
6:44 of 3rd period - Stopped by Ilya Sorokin with a rebound.
6:46 of 3rd period - Snap shot by Ryan O'Reilly.
6:46 of 3rd period - Shot Hit the Post.
6:48 of 3rd period - Slapshot by Teuvo Teravainen.
6:48 of 3rd period - Shot Misses the Net.
7:09 of 3rd period - Wrist shot by Niclas Bergfors.
7:09 of 3rd period - Stopped by Petr Mrazek with a rebound.
7:19 of 3rd period - Chris Mcallister is hit by Jonathan Drouin and loses puck.
8:06 of 3rd period - Brian Lashoff is hit by Ryan O'Reilly and loses puck.
8:19 of 3rd period - Minor Penalty to J.T. Miller for Interference.
8:20 of 3rd period - Matt Duchene wins face-off versus Chris Mcallister in Flyers zone.
9:41 of 3rd period - Matt Smaby is hit by Teuvo Teravainen and loses puck.
10:00 of 3rd period - Teuvo Teravainen is hit by Brock Nelson and loses puck.
10:01 of 3rd period - Teuvo Teravainen from Panthers is injured at 10:01 of 3rd period (Right Foot).
10:02 of 3rd period - Matt Duchene wins face-off versus Chris Mcallister in Panthers zone.
10:07 of 3rd period - Chris Mcallister is hit by Alex Galchenyuk and loses puck.
10:19 of 3rd period - Penalty to J.T. Miller is over, J.T. Miller is back on ice.
10:28 of 3rd period - Slapshot by Jeff Woywitka.
10:28 of 3rd period - Stopped by Petr Mrazek with a rebound.
10:30 of 3rd period - Wrist shot by Jeff Woywitka.
10:30 of 3rd period - Shot Misses the Net.
10:34 of 3rd period - Snap shot by Drew Miller.
10:34 of 3rd period - Goal by Drew Miller - Flyers : 3 - Panthers : 2.
10:35 of 3rd period - Matt Duchene wins face-off versus Jordan Nolan in neutral zone.
10:37 of 3rd period - Minor Penalty to Erik Gudbranson for Roughing.
10:38 of 3rd period - Max Reinhart wins face-off versus Jordan Nolan in Panthers zone.
10:52 of 3rd period - Slapshot by Jeff Woywitka.
10:52 of 3rd period - Deflect By Jakub Voracek.
10:52 of 3rd period - Shot Blocked by Dalton Prout.
10:52 of 3rd period - Puck is out of play.
10:53 of 3rd period - Jordan Nolan wins face-off versus Max Reinhart in Panthers zone.
10:59 of 3rd period - Off-side.
11:00 of 3rd period - Max Reinhart wins face-off versus Jordan Nolan in neutral zone.
11:08 of 3rd period - Off-side.
11:09 of 3rd period - Jordan Nolan wins face-off versus Max Reinhart in neutral zone.
11:26 of 3rd period - Snap shot by Jakub Voracek.
11:26 of 3rd period - Shot Blocked by Dalton Prout.
12:37 of 3rd period - Penalty to Erik Gudbranson is over, Erik Gudbranson is back on ice.
13:17 of 3rd period - Snap shot by Erik Gudbranson.
13:17 of 3rd period - Shot Blocked by Nathan Beaulieu.
13:19 of 3rd period - Snap shot by Drew Stafford.
13:19 of 3rd period - Deflect By Max Reinhart.
13:19 of 3rd period - Shot Misses the Net.
13:19 of 3rd period - Puck is out of play.
13:20 of 3rd period - Jordan Nolan wins face-off versus Matt Duchene in Flyers zone.
13:30 of 3rd period - Minor Penalty to Jeff Woywitka for Hooking.
13:31 of 3rd period - J.T. Miller wins face-off versus Alex Galchenyuk in Flyers zone.
13:45 of 3rd period - Snap shot by Jordan Nolan.
13:45 of 3rd period - Shot Misses the Net.
13:57 of 3rd period - Erik Gudbranson is hit by Jakub Voracek and loses puck.
14:08 of 3rd period - Snap shot by Ryan O'Reilly.
14:08 of 3rd period - Shot Blocked by Brian Lashoff.
14:32 of 3rd period - Dalton Prout is hit by Matt Smaby and loses puck.
15:30 of 3rd period - Penalty to Jeff Woywitka is over, Jeff Woywitka is back on ice.
15:44 of 3rd period - Slapshot by Jeff Woywitka.
15:44 of 3rd period - Stopped by Petr Mrazek with a rebound.
15:46 of 3rd period - Wrist shot by J.T. Miller.
15:46 of 3rd period - Shot Blocked by Daultan Leveillé.
15:48 of 3rd period - Wrist shot by Brock Nelson.
15:48 of 3rd period - Shot Misses the Net.
15:50 of 3rd period - Snap shot by Jeff Woywitka.
15:50 of 3rd period - Shot Misses the Net.
15:52 of 3rd period - Snap shot by Jeff Woywitka.
15:52 of 3rd period - Stopped by Petr Mrazek with a rebound.
15:54 of 3rd period - Slapshot by Brian Lashoff.
15:54 of 3rd period - Deflect By Jeff Woywitka.
15:54 of 3rd period - Shot Blocked by Jake Gardiner.
15:54 of 3rd period - Puck is out of play.
15:55 of 3rd period - Travis Zajac wins face-off versus Max Reinhart in Panthers zone.
16:00 of 3rd period - Slapshot by Travis Zajac.
16:00 of 3rd period - Stopped by Petr Mrazek with a rebound.
16:02 of 3rd period - Slapshot by Nathan Beaulieu.
16:02 of 3rd period - Stopped by Petr Mrazek without a rebound.
16:03 of 3rd period - Max Reinhart wins face-off versus Travis Zajac in Panthers zone.
16:03 of 3rd period - Max Reinhart is hit by Matt Smaby.
16:35 of 3rd period - Wrist shot by Nail Yakupov.
16:35 of 3rd period - Stopped by Ilya Sorokin with a rebound.
16:43 of 3rd period - Oscar Klefbom is hit by Chris Mcallister and loses puck.
16:52 of 3rd period - Snap shot by Chris Mcallister.
16:52 of 3rd period - Stopped by Petr Mrazek without a rebound.
16:53 of 3rd period - Jordan Nolan wins face-off versus Matt Duchene in Panthers zone.
17:08 of 3rd period - Snap shot by Matt Duchene.
17:08 of 3rd period - Shot Misses the Net.
17:10 of 3rd period - Slapshot by Alex Galchenyuk.
17:10 of 3rd period - Deflect By Matt Duchene.
17:10 of 3rd period - Stopped by Ilya Sorokin with a rebound.
17:41 of 3rd period - Niclas Bergfors is hit by Ryan O'Reilly.
17:45 of 3rd period - Slapshot by Jeff Woywitka.
17:45 of 3rd period - Stopped by Petr Mrazek with a rebound.
18:48 of 3rd period - Panthers, Petr Mrazek is pulled from the net.
18:58 of 3rd period - Wrist shot by Matt Duchene.
18:58 of 3rd period - Shot Misses the Net.
19:00 of 3rd period - Snap shot by Matt Duchene.
19:00 of 3rd period - Shot Blocked by Matt Smaby.
19:02 of 3rd period - Snap shot by Erik Gudbranson.
19:02 of 3rd period - Stopped by Ilya Sorokin without a rebound.
19:03 of 3rd period - Alain Vigneault call a timeout for Panthers.
19:03 of 3rd period - Matt Duchene wins face-off versus Jordan Nolan in Flyers zone.
19:20 of 3rd period - J.T. Miller is hit by Matt Duchene and loses puck.
19:29 of 3rd period - Slapshot by Alex Galchenyuk.
19:29 of 3rd period - Shot Blocked by Jordan Nolan.
Goals for this period are 1 for Flyers vs 1 for Panthers.
Shots for this period are 11 for Flyers vs 8 for Panthers.
Output by the SimonT Hockey Simulator (STHS) for Francois Prevost